 Dungeon Crawl Stone Soup version 0.29-a0-91-gdebf4667c2 (webtiles) character file.

Game seed: 4717238542637299151

126 lordive the Sneak (level 5, -4/32 HPs)
             Began as a Kobold Brigand on Feb 7, 2022.
             Slain by an orc priest (6 damage)
             ... on level 2 of the Dungeon.
             The game lasted 00:03:13 (2918 turns).

lordive the Sneak (Kobold Brigand)                  Turns: 2918, Time: 00:03:14

Health: -4/32      AC:  3    Str:  8    XL:     5   Next: 32%
Magic:  5/5        EV: 18    Int: 14    God:
Gold:   112        SH:  0    Dex: 17    Spells: 4/4 levels left

rFire   . . .      SeeInvis .   j - +1 dagger (venom)
rCold   . . .      Faith    .   (no shield)
rNeg    . . .      Spirit   .   b - +0 robe
rPois   .          Reflect  .   (no helmet)
rElec   .          Harm     .   c - +0 cloak
rCorr   .          Rampage  .   (no gloves)
Will    .....                   (no boots)
Stlth   +++++.....              (no amulet)
HPRegen 0.10/turn               l - +4 ring of evasion
MPRegen 0.09/turn               (no ring)

@: no status effects
A: small, no large weapons, nightstalker 3
a: no special abilities


You were on level 2 of the Dungeon.
You visited 1 branch of the dungeon, and saw 3 of its levels.

You collected 112 gold pieces.

Inventory:

Hand Weapons
 a - a +2 dagger
 f - a +2 dagger of speed
 j - a +1 dagger of venom (weapon)
Missiles
 d - 12 poisoned darts (quivered)
 e - 2 curare-tipped darts
Armour
 b - a +0 robe (worn)
 c - a +0 cloak (worn)
Jewellery
 l - a +4 ring of evasion (left hand)
Scrolls
 m - a scroll of identify {unknown}
 n - a scroll of enchant weapon {unknown}
 q - a scroll of blinking {unknown}
 r - a scroll of teleportation {unknown}
Potions
 g - a potion of mutation {unknown}
 h - a potion of brilliance {unknown}
 i - a potion of curing {unknown}
 k - a potion of attraction {unknown}
 o - 2 potions of might {unknown}
 p - a potion of berserk rage {unknown}


   Skills:
 * Level 2.8 Fighting
 * Level 3.9 Short Blades
 + Level 2.4 Throwing
 * Level 0.2 Armour
 * Level 2.0 Dodging
 + Level 7.1 Stealth


You had 4 spell levels left.
You didn't know any spells.
Your spell library was empty.

Dungeon Overview and Level Annotations

Branches:
Dungeon (3/15)

Altars:
Elyvilon

Shops:
D:1 (


Innate Abilities, Weirdness & Mutations

You are small and have problems with some larger weapons.
You are completely attuned to the shadows.


Message History

The orc closely misses you.
The orc priest looks satisfied for a moment.
You hit the orc.
The orc is poisoned.
The orc is lightly wounded.
The orc misses you.
You hit the orc but do no damage.
The orc looks as sick as possible!
The orc is lightly wounded.
You hit the orc but do no damage.
The orc is moderately wounded.
A worm comes into view.
You hit the orc but do no damage.
The orc is severely wounded.
The orc closely misses you.
Unknown command.
You hit the orc but do no damage.
The orc is almost dead.
You kill the orc!
An orc comes into view. It is wielding a +0 war axe.
The orc priest mumbles some strange prayers to Beogh against you.
Beogh smites you!
Unknown command.
There is a stone staircase leading up here.
The orc priest misses you.
You climb upwards.
There is a stone staircase leading down here.
Unknown command.
You barely miss the orc priest.
You hit the orc priest but do no damage.
The orc priest is poisoned.
The orc priest hits you with a +0 short sword.
* * * LOW HITPOINT WARNING * * *
You hit the orc priest but do no damage.
You punch the orc priest, but do no damage.
The orc priest invokes the aid of Beogh against you.
Pain shoots through your body!
* * * LOW HITPOINT WARNING * * *
You hit the orc priest.
The orc priest is moderately wounded.
The orc priest hits you with a +0 short sword.
You die...

#.# #..##.# #..#
########.####.....# #..#
#.................######..##
#.........##...........<...#
####.......#......######...#
#...###.#......# #...# #...#
#.#.###..## #.... #####
#.#o# #...######...
#.@.###............
###.....#########.. #######
###


You could see an orc priest (poisoned).

Vanquished Creatures
  A howler monkey zombie (D:3)
  4 gnolls (D:3)
  An adder (D:3)
  3 worms
  3 dart slugs
  An orc (D:3)
  4 endoplasms
  2 giant cockroaches (D:2)
  7 goblins
  8 hobgoblins
  3 jackals (D:1)
  3 quokkas
  4 ball pythons
  A bat (D:1)
  A frilled lizard (D:2)
  2 kobolds (D:1)
  4 rats
52 creatures vanquished.

Notes
Turn   | Place    | Note
-------+----------+-------------------------------------------
     0 | D:1      | lordive the Kobold Brigand began the quest for the Orb.
     0 | D:1      | Reached XP level 1. HP: 12/12 MP: 1/1
   144 | D:1      | Reached XP level 2. HP: 17/17 MP: 2/2
   440 | D:1      | Reached skill level 6 in Stealth
   462 | D:1      | Found Danlem's Antique Weapon Shoppe.
   672 | D:1      | Reached XP level 3. HP: 21/21 MP: 3/3
  1782 | D:2      | Found a white marble altar of Elyvilon.
  1981 | D:2      | Reached XP level 4. HP: 27/27 MP: 4/4
  2100 | D:2      | Found a faded altar of an unknown god.
  2532 | D:3      | Reached skill level 7 in Stealth
  2541 | D:3      | Reached XP level 5. HP: 6/31 MP: 5/5
  2918 | D:2      | Slain by an orc priest

Illustrated notes

Levels and vault maps discovered:
D:1:      shiori_shiawase, layout_loops_cross, serial_shops, shop
D:2:      layout_loops_ring, serial_co_window_serial, co_window_paths_b,
          co_window_paths_b, co_window_corner_a, co_window_paths_b,
          co_window_paths_b, co_window_broadway_c, co_window_corner_b,
          co_window_paths_c, co_window_corner_cb, co_window_2corner,
          basic_altar, shapermc_ecumenical_altar_mp_vishouse, minivault_14
D:3:      layout_rooms, mainiacjoe_overflow_surrounded_room,
          minmay_misc_feat_enclosed, minmay_misc_feat_alley,
          minmay_misc_feat_cross, grunt_ministairs_4

Skill      XL: |  1  2  3  4  5 |
---------------+----------------+-----
Short Blades   | 3 |  3.9
Stealth        | 6 7 |  7.1
Dodging        | 2 |  2.0
Fighting       | |  2.8
Throwing       | |  2.4
Armour         | |  0.2

Action                   |  1- 3 |  4- 6 || total
-------------------------+-------+-------++-------
Melee: Dagger            |   104 |    64 ||   168
       Punch             |       |     2 ||     2
 Stab: Sleeping          |    19 |     7 ||    26
Armor: Robe              |     6 |     7 ||    13
Dodge: Dodged            |    35 |    46 ||    81

Table legend: (Time is in decaauts)
 A = Elapsed time spent in this place.
 B = Non-inter-level travel time spent in this place.
 C = Inter-level travel time spent in this place.
 D = Time resting spent in this place.
 E = Time spent auto-exploring this place.
 F = Levels seen in this place.
 G = Mean time per level.
                   A        B        C        D        E       F      G
               +--------+--------+--------+--------+--------+-----+--------+
         Total |   2865 |   2742 |    123 |    426 |   1950 |   3 |  955.0 |
       Dungeon |   2865 |   2742 |    123 |    426 |   1950 |   3 |  955.0 |
               +--------+--------+--------+--------+--------+-----+--------+

Top non-repeatable levels by time:
     D:2: 1321 daAuts
     D:1: 1106 daAuts
     D:3: 436 daAuts
